 Dungeon Crawl Stone Soup version 0.30.1-11-g7821555f0a (webtiles) character file.

Game seed: 16972905750459155899

11708 MothFluffs the Tainter (level 11, -2/93 (108) HPs)
             Began as a Demonspawn Venom Mage on Dec 7, 2023.
             Was a Priest of Cheibriados.
             Slain by a spectral merfolk siren (10 damage)
             ... called from beyond by a ghost crab
             ... in a Gauntlet.
             The game lasted 01:14:39 (16134 turns).

MothFluffs the Tainter (Demonspawn Venom Mage)     Turns: 16134, Time: 01:14:40

HP:   -2/93 (108)   AC: 12    Str: 17    XL:     11   Next: 52%
MP:   15/22         EV: 21    Int: 27    God:    Cheibriados [***...]
Gold: 350           SH:  0    Dex: 28    Spells: 12/25 levels left

rFire   + . .        n - +3 rapier (vamp)
rCold   . . .        (no shield)
rNeg    . . .        i - +2 ring mail {Will+}
rPois   .            c - +2 helmet
rElec   .            (no cloak)
rCorr   .            v - +1 pair of gloves
SInv    .            (no boots)
Will    +....        t - amulet of regeneration Stlth
                     X - ring of protection from fire
HPRegen 1.15/turn    W - +6 ring of dexterity
MPRegen 0.18/turn

%: no teleportation
@: agile, berserking, heavily drained, invisible, very slow
A: hooves 2, thin skeletal structure 1, foul stench 2, powered by pain 1
a: Renounce Religion, Bend Time, Temporal Distortion


You were in a Gauntlet.
You worshipped Cheibriados.
Cheibriados was most pleased with you.
You visited 2 branches of the dungeon, and saw 11 of its levels.
You also visited: Ossuary and Gauntlet.

You collected 518 gold pieces.
You spent 168 gold pieces at shops.

Inventory:

Hand Weapons
 n - a +3 vampiric rapier (weapon)
 o - a +0 spear
 w - a +1 rapier of venom
 L - a +0 sling
 O - a +2 dagger of venom
 U - a +2 scimitar of flaming
Missiles
 g - 24 poisoned darts
 k - 9 curare-tipped darts
 u - 56 stones
 N - 6 silver boomerangs
Armour
 a - a +0 robe
 c - a +2 helmet (worn)
 d - a +0 kite shield
 i - a +2 ring mail of willpower (worn)
 s - a +0 leather armour
 v - a +1 pair of gloves (worn)
 K - a +1 leather armour of cold resistance
 Y - a +0 buckler
 Z - a +2 kite shield of protection
Jewellery
 j - a ring of flight
 t - an amulet of regeneration (around neck)
 V - a ring of poison resistance
 W - a +6 ring of dexterity (right hand)
 X - a ring of protection from fire (left hand)
Wands
 m - a wand of flame (7)
 A - a wand of roots (3)
Scrolls
 e - 5 scrolls of magic mapping
 f - 3 scrolls of torment
 h - a scroll of vulnerability
 r - 2 scrolls of immolation
 x - a scroll of fear {unknown}
 y - 5 scrolls of teleportation
 C - a scroll of butterflies {unknown}
 D - 4 scrolls of blinking
 H - a scroll of fog {unknown}
 I - a scroll of silence {unknown}
 P - a scroll of noise {unknown}
 S - a scroll of poison {unknown}
Potions
 b - 2 potions of magic
 l - 2 potions of lignification
 p - 3 potions of brilliance
 q - 5 potions of curing
 z - a potion of resistance
 B - 4 potions of ambrosia
 E - 3 potions of flight
 F - 5 potions of heal wounds
 G - 2 potions of mutation
 J - 3 potions of invisibility
 T - 2 potions of attraction


   Skills:
 + Level 2.2 Fighting
 + Level 8.0 Short Blades
 + Level 5.8 Dodging
 - Level 5.0 Stealth
 + Level 7.9 Spellcasting
 + Level 6.8 Translocations
 - Level 1.5 Transmutations
 - Level 8.0 Poison Magic
 - Level 5.2 Invocations


You had 12 spell levels left.
You knew the following spells:

 Your Spells              Type           Power      Damage    Failure   Level
a - Manifold Assault      Tloc           47%        N/A       6%          4
b - Blink                 Tloc           94%        N/A       1%          2
g - Sting                 Tmut/Pois      100%       1d8       1%          1
r - Olgreb's Toxic Radia  Pois           52%        N/A       3%          4
s - Poisonous Vapours     Pois/Air       64%        N/A       3%          2

Your spell library contained the following spells:

 Spells                   Type           Power      Damage    Failure   Level
 Magic Dart               Conj           40%        1d5       10%         1
 Shock                    Conj/Air       40%        1d5       10%         1
 Mephitic Cloud           Conj/Pois/Air  25%        N/A       10%         3
 Call Imp                 Summ           20%        N/A       16%         2
 Swiftness                Air            10%        N/A       30%         3
 Airstrike                Air            5%         2d(1-17)  69%         4
 Animate Dead             Necr           10%        N/A       69%         4
 Haunt                    Necr/Summ      5%         N/A       100%        7
 Storm Form               Tmut/Air       7%         N/A       100%        7
 Infestation              Necr           5%         N/A       100%        8


Dungeon Overview and Level Annotations

Branches:
Dungeon (8/15)             Temple (0/1) D:7            Lair (3/5) D:8
 Shoals (0/4) Lair:3       Spider (0/4) Lair:2      Ossuary (visited)
Gauntlet (1/1)

Altars:
Ashenzari
Cheibriados
Dithmenos
Hepliaklqana
Nemelex Xobeh
Okawaru
Trog
Uskayaw
Vehumet
Yredelemnul

Shops:
D:4 !

Annotations:
D:8 exclusion: swamp drake Gauntlet 10 transporters


Innate Abilities, Weirdness & Mutations

You have hoof-like feet.
You have a somewhat thin skeletal structure. (Dex +2, Stealth+)
You sometimes emit foul miasma when damaged in melee.
You sometimes gain a little power by taking damage.


Message History

Unknown command.
Press: ? - help, v - describe, . - travel
Here: a ghost crab (spectral mist)
The floor.
You fade into invisibility!
The spectral centaur warrior hits you but does no damage.
The spectral centaur warrior kicks you but does no damage.
A red film seems to cover your vision as you go berserk!
Cheibriados forces you to slow down.
You feel mighty!
The spectral centaur warrior hits you but does no damage.
The spectral centaur warrior barely misses you.
The ghost crab completely misses you. The ghost crab claws you!
The spectral centaur warrior hits you.
The spectral centaur warrior completely misses you.
The spectral merfolk siren hits you!
You feel drained.
You barely miss the ghost crab. The ghost crab barely misses you.
The ghost crab claws you!
* * * LOW HITPOINT WARNING * * *
You focus on the pain.
You feel your power returning.
You feel drained.
* * * LOW HITPOINT WARNING * * *
The spectral centaur warrior hits you but does no damage.
The spectral centaur warrior kicks you but does no damage.
You hit the ghost crab.
The ghost crab is lightly damaged.
* * * LOW HITPOINT WARNING * * *
The spectral merfolk siren hits you.
* * * LOW HITPOINT WARNING * * *
The ghost crab closely misses you. x2
The spectral centaur warrior misses you.
The spectral centaur warrior closely misses you.
You hit the ghost crab but do no damage.
You kick the ghost crab.
The ghost crab is lightly damaged.
* * * LOW HITPOINT WARNING * * *
The spectral centaur warrior completely misses you.
The spectral centaur warrior kicks you.
* * * LOW HITPOINT WARNING * * *
The spectral merfolk siren hits you!
You die...

.......©#......#8#
#############..###
#.#.........#..#
#.#.......P.#..#
#.#.P#...#..#..#####
#.#.......P.#..#≈8≈#
#.#....©....#..#...#
#.#.........####°8.#
..#..#P..#.Z#°Zt@ZZ##.
..#....○☼...####Z8°...#
..#..!.§§(..#..#...##.#
..###########..#.8.#
≈.............≈#...#
8≈............∩#.8....
≈............§§#...##.
..###########..#.8.#
..##©##.....#..#...##


You could see a ghost crab (unable to see you), a spectral fire dragon
(summoned), a spectral orc knight (summoned), a spectral merfolk siren
(summoned), a spectral centaur warrior (summoned) and a spectral deep elf archer
(summoned).

Vanquished Creatures
  Erica (Lair:2)
  A boulder beetle (Lair:2)
  A two-headed ogre (D:8)
  A tengu warrior (Gauntlet)
  5 cane toads
  A rime drake (Lair:3)
  Maggie (Lair:2)
  3 komodo dragons
  2 tengu conjurers (Gauntlet)
  A polar bear (Lair:2)
  A queen bee (Gauntlet)
  Grinder (D:4)
  Sigmund (D:6)
  10 yaks
  4 basilisks
  A wyvern (D:8)
  A steam dragon (D:7)
  5 water moccasins
  An ice beast (D:7)
  3 orc warriors
  2 black bears
  An ogre (D:5)
  A sky beast (D:7)
  A centaur (D:7)
  A phantom (D:4)
  2 bullfrogs (D:7)
  A scorpion (D:4)
  3 killer bees (Gauntlet)
  3 howler monkeys
  6 hounds
  A sleepcap (D:6)
  2 orc priests
  3 gnoll boudas
  3 jellies
  9 iguanas
  7 orc wizards
  12 mummies (Ossuary)
  19 gnolls
  3 adders (D:3)
  2 white imps
  4 worms
  5 dart slugs
  27 orcs
  12 ball pythons
  5 bats
  11 endoplasms
  A giant cockroach (D:4)
  10 hobgoblins
  4 jackals (D:1)
  2 frilled lizards
  A gnoll skeleton (Ossuary)
  6 goblins
  4 goblin skeletons (Ossuary)
  A goblin zombie (D:5)
  14 kobolds
  3 kobold skeletons (Ossuary)
  4 rats
  11 rat skeletons (Ossuary)
  A rat zombie (D:5)
253 creatures vanquished.

Notes
Turn   | Place    | Note
-------+----------+-------------------------------------------
     0 | D:1      | MothFluffs the Demonspawn Venom Mage began the quest for
                  | the Orb.
     0 | D:1      | Reached XP level 1. HP: 13/13 MP: 3/3
    43 | D:1      | Reached skill level 1 in Transmutations
   138 | D:1      | Gained mutation: You have a somewhat thin skeletal
                  | structure. (Dex +2, Stealth+) [demonic ancestry]
   138 | D:1      | Reached XP level 2. HP: 18/19 MP: 0/5
   723 | D:1      | Gained mutation: You may rarely emit foul miasma when
                  | damaged in melee. [demonic ancestry]
   723 | D:1      | Reached XP level 3. HP: 24/24 MP: 4/6
  1855 | D:2      | Gained mutation: You sometimes gain a little power by
                  | taking damage. [demonic ancestry]
  1855 | D:2      | Reached XP level 4. HP: 24/30 MP: 1/7
  2459 | D:3      | Learned a level 2 spell: Poisonous Vapours
  2464 | D:3      | Learned a level 4 spell: Olgreb's Toxic Radiance
  2642 | D:3      | Noticed a black bear
  2657 | D:3      | Killed a black bear
  2658 | D:3      | Reached skill level 1 in Short Blades
  2658 | D:3      | Gained mutation: You have large cloven feet. [demonic
                  | ancestry]
  2658 | D:3      | Reached XP level 5. HP: 3/35 MP: 0/9
  3282 | D:3      | Reached skill level 5 in Poison Magic
  3758 | D:3      | Gained mutation: You sometimes emit foul miasma when
                  | damaged in melee. [demonic ancestry]
  3758 | D:3      | Reached XP level 6. HP: 41/41 MP: 7/10
  3882 | D:3      | Found a sparkling altar of Nemelex Xobeh.
  4101 | D:4      | Found a bloodstained altar of Trog.
  4725 | D:4      | Found Pumua's Distillery.
  4808 | D:4      | Bought a potion of brilliance for 56 gold pieces
  4808 | D:4      | Bought a potion of heal wounds for 70 gold pieces
  4808 | D:4      | Bought a potion of curing for 42 gold pieces
  5129 | D:4      | Reached XP level 7. HP: 42/46 MP: 9/12
  5715 | D:4      | Noticed Grinder
  5729 | D:4      | Killed Grinder
  6059 | D:5      | Entered Level 5 of the Dungeon
  6106 | D:5      | Found a sand-covered staircase.
  6140 | Ossuary  | Entered an ossuary
  6637 | Ossuary  | Reached XP level 8. HP: 35/52 MP: 14/14
  7382 | D:5      | Learned a level 2 spell: Blink
  7561 | D:5      | Learned a level 4 spell: Manifold Assault
  7596 | D:5      | Found a hazy altar of Hepliaklqana.
  7704 | D:5      | Found a snail-covered altar of Cheibriados.
  7754 | D:5      | Became a worshipper of Cheibriados the Contemplative
  7937 | D:5      | Reached skill level 1 in Translocations
  8264 | D:6      | Found a basalt altar of Yredelemnul.
  8302 | D:6      | Reached skill level 5 in Short Blades
  8875 | D:5      | Reached skill level 5 in Stealth
  8875 | D:5      | Reached skill level 5 in Spellcasting
  9249 | D:6      | Found a shadowy altar of Dithmenos.
  9249 | D:6      | Found a radiant altar of Vehumet.
  9255 | D:6      | Found a hide-covered altar of Uskayaw.
  9258 | D:6      | Found an iron altar of Okawaru.
  9260 | D:6      | Found a broken altar of Ashenzari.
  9276 | D:6      | Noticed Sigmund
  9289 | D:6      | Killed Sigmund
  9346 | D:7      | Reached XP level 9. HP: 28/57 MP: 11/17
  9668 | D:7      | Reached * piety under Cheibriados
 10525 | D:7      | Found a staircase to the Ecumenical Temple.
 10951 | D:8      | Noticed a two-headed ogre
 10971 | D:8      | Killed a two-headed ogre
 11108 | D:8      | Noticed a komodo dragon
 11121 | D:8      | Killed a komodo dragon
 11316 | D:8      | Reached XP level 10. HP: 49/63 MP: 7/19
 11462 | D:8      | Reached ** piety under Cheibriados
 11653 | D:8      | Found a staircase to the Lair.
 12106 | Lair:1   | Entered Level 1 of the Lair of Beasts
 12168 | Lair:1   | Reached skill level 1 in Invocations
 12212 | Lair:1   | Noticed a cane toad
 12229 | Lair:1   | Killed a cane toad
 12935 | Lair:1   | Noticed a cane toad
 12943 | Lair:1   | Reached skill level 5 in Translocations
 13076 | Lair:1   | Killed a cane toad
 13637 | Lair:1   | Noticed a cane toad
 13647 | Lair:1   | Killed a cane toad
 13924 | Lair:2   | Found a hole to the Spider Nest.
 13947 | Lair:2   | Noticed a boulder beetle
 13950 | Lair:2   | Noticed a cane toad
 13951 | Lair:2   | Noticed a cane toad
 13951 | Lair:2   | Noticed Erica
 14055 | Lair:2   | Killed Erica
 14056 | Lair:2   | Reached skill level 5 in Dodging
 14056 | Lair:2   | Gained mutation: You have hoof-like feet. [demonic
                  | ancestry]
 14056 | Lair:2   | Reached XP level 11. HP: 16/68 MP: 18/22
 14276 | Lair:2   | HP: 3/68 [cane toad (12)]
 14437 | Lair:2   | Killed a boulder beetle
 14438 | Lair:2   | Reached skill level 5 in Invocations
 14563 | Lair:2   | Noticed Maggie
 14582 | Lair:2   | Killed Maggie
 14590 | Lair:2   | Reached *** piety under Cheibriados
 15366 | Lair:3   | Reached skill level 1 in Fighting
 15426 | Lair:3   | Found a gate leading to a gauntlet.
 15435 | Gauntlet | Entered a Gauntlet
 15435 | Gauntlet | Found a transporter.
 15435 | Gauntlet | Found a transporter.
 15439 | Gauntlet | Found a transporter.
 15439 | Gauntlet | Found a transporter.
 15450 | Gauntlet | Noticed a tengu warrior
 15452 | Gauntlet | Found a transporter.
 15452 | Gauntlet | Found a transporter.
 15457 | Gauntlet | Found a transporter.
 15459 | Gauntlet | Noticed a ghost crab
 15460 | Gauntlet | Found a transporter.
 15464 | Gauntlet | Found a transporter.
 15506 | Gauntlet | Found a transporter.
 15538 | Gauntlet | Found a transporter.
 15584 | Gauntlet | Found a transporter.
 15604 | Gauntlet | Found a transporter.
 15701 | Gauntlet | Found a transporter.
 15712 | Gauntlet | Found a transporter.
 15714 | Gauntlet | Noticed a wizard
 15728 | Gauntlet | Found a transporter.
 15999 | Gauntlet | Killed a tengu warrior
 16134 | Gauntlet | Slain by a spectral merfolk siren

Illustrated notes

Levels and vault maps discovered:
D:1:      amcnicky_arrival_abandoned_market, layout_loops_ring
D:2:      layout_rooms, kennysheep_generic_room_15
D:3:      layout_basic, nemelex_altar_shiori
D:4:      layout_rooms, mainiacjoe_overflow_six_doors_small, serial_shops,
          nicolae_lakefront_shop, uniq_grinder
D:5:      layout_layer_cave, nicolae_hepliaklqana_hippocampus,
          cheibriados_altar_1, enter_ossuary_4
D:6:      layout_rooms, nicolae_overflow_hallway_of_the_gods,
          mainiacjoe_overflow_alcove_4, hangedman_decor_riveting, uniq_sigmund
D:7:      layout_rooms, minmay_temple_entry_junction
D:8:      layout_basic, erik_lair_dragon, minmay_lizard_king
Lair:1:   layout_regular_city, infiniplex_staircase_pool, lemuel_fruit_fields
Lair:2:   layout_misc_corridors, dummy_spider_entry,
          chequers_serial_rivers_micro_e, uniq_erica, uniq_maggie
Lair:3:   layout_cave_pods, shoals_dummy_entry, gauntlet_entry_generic,
          grunt_megastairs_4
Gauntlet: gammafunk_gauntlet_branching [gammafunk_gauntlet_arena_mazey,
          gammafunk_gauntlet_arena_arrow_garden, nicolae_gauntlet_arena_grate_2,
          gammafunk_gauntlet_arena_crates, nicolae_gauntlet_arena_flowing_pool,
          nicolae_gauntlet_arena_blocks, gammafunk_gauntlet_arena_hedges,
          gammafunk_gauntlet_arena_spirals, gauntlet_exit_hidden_loot]

Skill      XL: |  1  2  3  4  5  6  7  8  9 10 11 |
---------------+----------------------------------+-----
Transmutations | 1 |  1.5
Poison Magic   | 4 5 6 7 8 |  8.0
Stealth        | 2 3 4 5 |  5.0
Short Blades   | 1 2 4 5 6 7 8 |  8.0
Spellcasting   | 3 4 5 6 7 |  7.9
Translocations | 2 4 6 |  6.8
Dodging        | 3 5 |  5.8
Invocations    | 4 5 |  5.2
Fighting       | 2 |  2.2

Action                     |  1- 3 |  4- 6 |  7- 9 | 10-12 || total
---------------------------+-------+-------+-------+-------++-------
  Melee: Mace              |    24 |       |       |       ||    24
         Unarmed           |     1 |       |       |       ||     1
         Dagger            |    26 |    52 |    49 |       ||   127
         Punch             |     1 |     2 |     2 |     3 ||     8
         Kick              |       |    15 |    82 |    48 ||   145
         Short sword       |       |    30 |       |       ||    30
         Falchion          |       |       |   124 |       ||   124
         Rapier            |       |       |    24 |   148 ||   172
  Throw: Dart              |       |       |     5 |       ||     5
         Stone             |       |       |     5 |       ||     5
   Cast: Sting             |    82 |    97 |   145 |    73 ||   397
         Poisonous Vapours |       |    10 |    84 |    44 ||   138
         Blink             |       |       |     3 |     7 ||    10
         Olgreb's Toxic Ra |       |       |     3 |    17 ||    20
         Manifold Assault  |       |       |       |    10 ||    10
 Invoke: Temporal Distorti |       |       |       |     1 ||     1
    Use: Potion            |       |     3 |     1 |     9 ||    13
         Scroll            |       |       |       |    20 ||    20
   Stab: Sleeping          |       |       |     8 |       ||     8
 Armour: Robe              |    25 |    19 |    13 |       ||    57
         Ring mail         |       |       |    15 |    66 ||    81
         Leather armour    |       |       |    25 |     1 ||    26
  Dodge: Dodged            |    57 |    80 |   128 |   111 ||   376
